AoeStats
← iTz Ozy2

Black Forest

508996726Analyzed
4v4 RM · 7d ago on Sep 25, 2026· 95m 8s· 8 players
Game mode
Random Map
Map size
Large (8 player)
Population
200
Speed
Normal
Resources
Standard
Victory
Conquest
Starting age
Dark Age
Ending age
Imperial Age
RankedLock teamsTeams togetherTeam positionsShared explorationLock speedFull tech treeHidden civsTurbo modeCheats
Victory
Defeat
🇺🇸 Persians · United States
948
+11
🇺🇸 Goths · United States
942
+12
🇺🇸 Spanish · United States
870
+15
🇺🇸 Khmer · United States
867
+15
🇸🇪 Turks · Sweden
889
-16
🇨🇴 Koreans · Colombia
872
-14
🇲🇽 Italians · Mexico
808
-12
🇲🇽 Persians · Mexico
796
-11
WololoJedi
1:37 Loom
11:53 Feudal Age
13:34 Wheelbarrow
12:46 Double-Bit Axe
12:47 Fishing Lines
13:21 Horse Collar
21:10 Castle Age
19:27 Gold Mining
20:45 Stone Mining
22:27 Heavy Plow
23:18 Stone Shaft Mining
22:58 Gillnets
23:44 Hand Cart
24:38 Bow Saw
26:31 Gold Shaft Mining
28:47 Fletching
28:59 Scale Mail Armor
29:10 Forging
29:06 Scale Barding Armor
31:40 Imperial Age
29:33 Caravan
29:41 Pikeman
30:08 Arson
29:43 Man-at-Arms
30:26 Squires
30:25 Bodkin Arrow
30:47 Chain Mail Armor
32:46 Conscription
31:51 Crossbowman
32:36 Thumb Ring
33:43 Chemistry
33:49 Ballistics
34:23 Long Swordsman
36:24 Two-Man Saw
36:01 Iron Casting
35:31 Two-Handed Swordsman
36:37 Heavy Rocket Cart
37:24 Heated Shot
37:15 Treadmill Crane
37:45 Masonry
37:41 Siege Engineers
37:31 Murder Holes
37:05 Elite Skirmisher
38:14 Chain Barding Armor
39:06 Plate Mail Armor
38:37 Bracer
40:13 Halberdier
40:14 Champion
42:48 Elite Fire Lancer
43:31 Capped Ram
45:03 Arbalester
46:11 Eupseong
49:08 Heavy Cavalry Archer
53:51 Elite War Wagon
58:05 Architecture
57:46 Fortified Wall
57:22 Arrowslits
memito101091
0:39 Loom
13:02 Feudal Age
14:38 Double-Bit Axe
17:58 Wheelbarrow
23:26 Castle Age
23:23 Horse Collar
29:11 Imperial Age
27:05 Ballistics
29:15 Bow Saw
30:41 Fortified Wall
31:10 Husbandry
31:17 Gold Mining
31:26 Stone Mining
32:09 Murder Holes
33:08 Bloodlines
32:57 Town Watch
34:09 Caravan
34:32 Heavy Plow
36:16 Scale Barding Armor
38:34 Chemistry
38:43 Pikeman
40:46 Chain Barding Armor
41:46 Cavalier
45:42 Hand Cart
46:12 Bombard Tower
50:30 Plate Barding Armor
55:17 Onager
61:25 Scale Mail Armor
89:59 Elite Genoese Crossbowman
rafa08slayer
0:47 Loom
14:15 Feudal Age
15:26 Double-Bit Axe
21:16 Castle Age
22:23 Horse Collar
23:51 Stone Mining
24:30 Bow Saw
25:19 Gold Mining
30:45 Heavy Plow
32:49 Bloodlines
33:11 Scale Barding Armor
34:42 Wheelbarrow
35:43 Husbandry
36:25 Husbandry
37:07 Forging
37:24 Murder Holes
40:19 Imperial Age
37:55 Kamandaran
39:01 Hand Cart
40:06 Crossbowman
40:52 Thumb Ring
42:53 Chemistry
42:14 Ballistics
41:59 Elite War Elephant
45:35 Crop Rotation
45:45 Iron Casting
46:08 Cavalier
49:31 Masonry
50:45 Gold Shaft Mining
51:41 Savar
55:35 Two-Man Saw
77:20 Padded Archer Armor
78:47 Caravan
82:13 Theocracy
83:41 Man-at-Arms
84:26 Squires
83:50 Pikeman
85:12 Halberdier
Osman
13:39 Feudal Age
14:57 Wheelbarrow
14:09 Double-Bit Axe
14:06 Horse Collar
19:49 Castle Age
17:53 Loom
20:09 Castle Age
20:17 Fishing Lines
20:46 Stone Mining
20:46 Gold Mining
21:33 Hand Cart
21:30 Bow Saw
21:23 Heavy Plow
22:31 Town Watch
23:35 Gillnets
35:11 Fletching
35:21 Padded Archer Armor
38:11 Imperial Age
36:35 Ballistics
36:11 Bodkin Arrow
36:50 Caravan
38:37 Leather Archer Armor
38:18 Guard Tower
38:12 Treadmill Crane
38:43 Masonry
38:23 Heated Shot
38:30 Murder Holes
39:02 Bracer
39:30 Conscription
39:32 Sipahi
42:36 Bombard Tower
43:24 Artillery
47:15 Gold Shaft Mining
47:25 Elite Janissary
67:33 Scale Barding Armor
67:39 Forging
67:30 Scale Mail Armor
78:10 Bloodlines
iTz Ozy2
0:29 Loom
13:26 Feudal Age
15:28 Wheelbarrow
14:44 Double-Bit Axe
19:54 Castle Age
17:39 Horse Collar
18:24 Stone Mining
18:48 Gold Mining
21:04 Bow Saw
24:23 Hand Cart
24:19 Heavy Plow
30:56 Husbandry
31:12 Bloodlines
31:00 Light Cavalry
35:46 Imperial Age
33:48 Caravan
35:00 Scale Barding Armor
35:06 Forging
36:14 Chain Barding Armor
35:50 Cavalier
37:09 Iron Casting
37:38 Conscription
38:07 Plate Barding Armor
39:52 Blast Furnace
40:40 Paladin
43:15 Hussar
46:33 Elite Conquistador
47:17 Padded Archer Armor
47:08 Fletching
56:19 Bodkin Arrow
56:39 Leather Archer Armor
65:24 Guilds
74:37 Ballistics
75:19 Chemistry
83:12 Coinage
86:20 Two-Man Saw
iTzSlickUNC
1:41 Loom
11:37 Feudal Age
12:08 Double-Bit Axe
16:44 Castle Age
19:36 Horse Collar
20:52 Heavy Plow
26:24 Bow Saw
31:44 Imperial Age
31:29 Wheelbarrow
32:28 Anarchy
32:16 Pikeman
32:59 Squires
34:06 Chemistry
33:28 Ballistics
34:26 Forging
34:17 Scale Mail Armor
34:41 Conscription
34:44 Elite Huskarl
37:37 Two-Man Saw
36:25 Halberdier
38:35 Iron Casting
37:29 Elite Skirmisher
40:00 Crop Rotation
41:29 Blast Furnace
40:52 Chain Mail Armor
41:38 Blast Furnace
45:35 Hand Cart
45:23 Caravan
45:38 Man-at-Arms
58:25 Fletching
58:36 Padded Archer Armor
58:43 Scale Barding Armor
58:41 Perfusion
60:17 Long Swordsman
67:31 Two-Handed Swordsman
68:47 Champion
70:55 Stone Mining
70:55 Treadmill Crane
71:06 Heated Shot
82:30 Chain Barding Armor
82:08 Bodkin Arrow
iTzSEWERKING
0:29 Loom
12:50 Feudal Age
21:45 Castle Age
20:49 Horse Collar
20:58 Double-Bit Axe
21:12 Stone Mining
32:11 Ballistics
36:18 Wheelbarrow
37:09 Elite Skirmisher
38:51 Heavy Plow
39:23 Hand Cart
42:23 Imperial Age
43:31 Double Crossbow
42:55 Heavy Scorpion
44:40 Chemistry
43:56 Elite Ballista Elephant
47:45 Pikeman
58:30 Crop Rotation
57:59 Halberdier
78:08 Caravan
92:38 Light Cavalry
iTz bjonny88
7:57 Loom
11:53 Feudal Age
12:36 Double-Bit Axe
16:46 Town Watch
19:27 Castle Age
18:41 Gold Mining
19:29 Wheelbarrow
18:39 Horse Collar
19:15 Stone Mining
20:06 Bow Saw
20:20 Heavy Plow
28:35 Imperial Age
27:08 Scale Barding Armor
27:14 Forging
28:21 Hand Cart
30:00 Two-Man Saw
31:32 Chemistry
31:21 Conscription
31:49 Bloodlines
31:39 Husbandry
33:25 Crop Rotation
33:40 Kamandaran
39:45 Chain Barding Armor
40:00 Iron Casting
39:16 Fletching
39:26 Padded Archer Armor
39:52 Heated Shot
40:23 Ballistics
41:04 Elite War Elephant
41:49 Crossbowman
43:45 Devotion
44:55 Parthian Tactics
44:36 Thumb Ring
44:01 Light Cavalry
46:27 Caravan
48:47 Coinage
48:28 Guilds
51:47 Plate Barding Armor
51:08 Bodkin Arrow
51:42 Cavalier
54:34 Savar
60:31 Blast Furnace
59:47 Leather Archer Armor
59:33 Scale Mail Armor
60:11 Banking
69:07 Ring Archer Armor
68:52 Chain Mail Armor
73:49 Hussar
83:40 Faith
Connection lost

Rejoining the realm…

Still unreachable

The connection could not be restored.

Session expired

The server has moved on; the page needs a fresh start.